 Dungeon Crawl Stone Soup version 0.26.0-10-g1f06aea511 (webtiles) character file.

Game seed: 15310036113954809090

4946 Borgoz the Carver (level 10, -11/86 HPs)
             Began as a Ghoul Gladiator on Jan 30, 2021.
             Mangled by a cyclops (22 damage)
             ... on level 8 of the Dungeon.
             The game lasted 00:10:55 (8203 turns).

Borgoz the Carver (Ghoul Gladiator)                 Turns: 8203, Time: 00:10:56

Health: -11/86     AC:  9    Str: 25    XL:     10   Next: 52%
Magic:  9/9        EV: 16    Int: 10    God:
Gold:   609        SH:  5    Dex: 19    Spells: 9/9 levels left

rFire    . . .     SeeInvis .   b - +3 great sword of Thoughtfulness {vorpal, *Drain rPois Int+4}
rCold    + + .     Faith    .   (shield currently unavailable)
rNeg     + + +     Spirit   .   t - +0 ring mail (curse)
rPois    ∞         Reflect  +   f - +1 hat {Int+3}
rElec    +         Harm     .   q - +0 cloak
rCorr    .         Rampage  .   i - +0 pair of gloves
Will     .....                  (no boots)
Stlth    +.........             c - amulet of reflection
HPRegen  0.00/turn              w - +6 ring of dexterity
MPRegen  0.11/turn              d - ring "Awiwkoal" {rElec rPois rC+ Str+6 Slay+3}

@: no status effects
A: claws 1, cold resistance 1, negative energy resistance 3, inhibited
regeneration, torment resistance, unbreathing
a: no special abilities


You were on level 8 of the Dungeon.
You visited 2 branches of the dungeon, and saw 9 of its levels.
You also visited: Bailey.

You collected 609 gold pieces.

Inventory:

Hand Weapons
 a - a +1 scimitar
 b - the +3 great sword of Thoughtfulness (weapon) {vorpal, *Drain rPois Int+4}
   (You found it in a bailey)

   It inflicts extra damage upon your enemies.
   It affects your intelligence (+4).
   It protects you from poison.
   It causes draining when unequipped.
Armour
 f - a +1 hat of intelligence (worn)
 i - a +0 pair of gloves (worn)
 q - a +0 cloak (worn)
 s - a +1 kite shield of protection
 t - a cursed +0 ring mail (worn)
Jewellery
 c - an amulet of reflection (around neck)
 d - the ring "Awiwkoal" (right hand) {rElec rPois rC+ Str+6 Slay+3}
   (You acquired it in a bailey)

   [ring of strength]

   It affects your strength (+6).
   It affects your accuracy and damage with ranged weapons and melee attacks
   (+3).
   It protects you from cold.
   It insulates you from electricity.
   It protects you from poison.
 r - an uncursed ring of fire
 w - a +6 ring of dexterity (left hand)
Wands
 g - a wand of flame (14)
 j - a wand of disintegration (12)
 m - a wand of random effects (15)
 x - a wand of digging (2)
Scrolls
 e - 6 scrolls of remove curse
 h - 3 scrolls of magic mapping {unknown}
 o - 6 scrolls of teleportation
 v - 3 scrolls of blinking
Potions
 k - 3 potions of brilliance
 p - 3 potions of flight


   Skills:
 + Level 7.2 Fighting
 * Level 8.7 Long Blades
 - Level 1.7 Throwing
 + Level 5.5 Armour
 + Level 6.2 Dodging
 + Level 5.3 Shields


You had 9 spell levels left.
You didn't know any spells.
Your spell library was empty.

Dungeon Overview and Level Annotations

Branches:
Dungeon (8/15)             Temple (1/1) D:4          Bailey (visited)
   Lair: D:8-11

Altars:
Cheibriados
Dithmenos
Elyvilon
Fedhas
Gozag
Hepliaklqana
Kikubaaqudgha
Makhleb
Nemelex Xobeh
Okawaru
Qazlal
Ru
Sif Muna
Uskayaw
Wu Jian
Xom
Yredelemnul
Zin
The Shining One


Innate Abilities, Weirdness & Mutations

You thrive by killing the living.
You are immune to poison.
You have sharp fingernails.
Your flesh is cold resistant. (rC+)
You are immune to negative energy. (rN+++)
You do not regenerate when monsters are visible.
You are immune to unholy pain and torment.
You can survive without breathing.


Message History

You are too injured to fight recklessly!
You are too injured to fight recklessly!
You are too injured to fight recklessly!
You hit the cyclops.
The cyclops is heavily wounded.
The cyclops hits you!!
* * * LOW HITPOINT WARNING * * *
The iguana bites you but does no damage.
It was a potion of magic.
Magic courses through your body. The iguana bites you.
* * * LOW HITPOINT WARNING * * *
The cyclops misses you.
You riposte.
You completely miss the cyclops.
The cyclops is heavily wounded.
You slash the cyclops!
The cyclops is severely wounded.
The iguana completely misses you. The cyclops closely misses you.
You barely miss the cyclops.
The cyclops is severely wounded.
You block the iguana's attack. The cyclops hits you!!
You die...

### #..## ##.#.# ##
###..#.#..# ###...... ..#
#....... ..# #....lC##..#
##.....@....#
##.....#..#..##
#.....##..#...#####......
(##.###.#.......#.#........
.....##..(.##.............#
.##...#..#...#.............
........###................
........###...........>....
#.##.....##.............††.


You could see a cyclops and an iguana.

Vanquished Creatures
  An orc knight (Bailey)
  2 kobold demonologists (Bailey)
  Prince Ribbit (D:5)
  A water moccasin (D:8)
  4 ice beasts
  A sky beast (D:6)
  10 orc warriors
  3 ogres
  A phantom (D:5)
  2 necrophages
  A centaur (D:5)
  A bullfrog (D:6)
  Blork the orc (D:5)
  4 scorpions
  3 wights (D:7)
  3 electric eels (Bailey)
  A bullfrog zombie (D:3)
  2 jellies
  6 orc priests
  A gnoll shaman (D:4)
  3 hounds
  2 bullfrog skeletons (D:7)
  6 orc wizards
  Jessica (D:3)
  A worker ant (D:4)
  A hound zombie (D:5)
  A howler monkey zombie (D:7)
  A howler monkey skeleton (D:5)
  7 gnolls
  12 adders
  A shadow imp (D:6)
  2 white imps
  4 ufetubi
  3 oozes
  3 worms
  2 dart slugs
  5 leopard geckos
  35 orcs
  9 bats
  7 giant cockroaches
  26 goblins
  11 hobgoblins
  6 kobolds
  2 quokkas
  A ball python (D:2)
  6 frilled lizards
  A jackal skeleton (D:5)
  A leopard gecko skeleton (D:6)
  A quokka skeleton (D:5)
  A quokka zombie (D:5)
  11 rats
222 creatures vanquished.

Vanquished Creatures (others)
  5 toadstools (D:1)
5 creatures vanquished.

Grand Total: 227 creatures vanquished

Notes
Turn   | Place    | Note
-------+----------+-------------------------------------------
     0 | D:1      | Borgoz the Ghoul Gladiator began the quest for the Orb.
     0 | D:1      | Reached XP level 1. HP: 17/17 MP: 0/0
   119 | D:1      | Reached XP level 2. HP: 20/25 MP: 1/1
   220 | D:1      | Reached skill level 3 in Long Blades
   680 | D:1      | Reached XP level 3. HP: 22/30 MP: 2/2
  1074 | D:2      | Reached skill level 1 in Armour
  1421 | D:2      | Found a faded altar of an unknown god.
  1434 | D:2      | Reached XP level 4. HP: 31/37 MP: 3/3
  1980 | D:3      | Noticed Jessica
  2032 | D:3      | Reached XP level 5. HP: 33/45 MP: 4/4
  2057 | D:3      | Killed Jessica
  2191 | D:3      | Reached skill level 4 in Long Blades
  2323 | D:3      | Reached skill level 1 in Shields
  2576 | D:4      | Reached XP level 6. HP: 44/51 MP: 5/5
  2675 | D:4      | Found a staircase to the Ecumenical Temple.
  2820 | Temple   | Entered the Ecumenical Temple
  3521 | D:5      | Entered Level 5 of the Dungeon
  3530 | D:5      | Reached XP level 7. HP: 59/59 MP: 6/6
  3847 | D:5      | Noticed Prince Ribbit
  3888 | D:5      | Killed Prince Ribbit
  3889 | D:5      | Reached skill level 5 in Long Blades
  4055 | D:5      | Reached XP level 8. HP: 40/67 MP: 7/7
  4459 | D:5      | Noticed Blork the orc
  4475 | D:5      | Killed Blork the orc
  4532 | D:5      | Reached skill level 5 in Fighting
  4532 | D:5      | Reached skill level 6 in Long Blades
  4645 | D:5      | Found an ancient bone altar of Kikubaaqudgha.
  5477 | D:6      | Reached XP level 9. HP: 73/74 MP: 8/8
  5666 | D:6      | Reached skill level 5 in Dodging
  5891 | D:6      | Reached skill level 7 in Long Blades
  6377 | D:7      | Found a shadowy altar of Dithmenos.
  6380 | D:7      | Found a hazy altar of Hepliaklqana.
  6608 | D:7      | Found a flagged portal.
  6632 | Bailey   | Entered a bailey
  6719 | Bailey   | Found an iron altar of Okawaru.
  6719 | Bailey   | Noticed a kobold demonologist
  6719 | Bailey   | Noticed a kobold demonologist
  6744 | Bailey   | Noticed an orange demon
  6744 | Bailey   | Killed a kobold demonologist
  6757 | Bailey   | Killed a kobold demonologist
  6758 | Bailey   | Reached XP level 10. HP: 56/84 MP: 9/9
  6811 | Bailey   | Reached skill level 8 in Long Blades
  6811 | Bailey   | Reached skill level 5 in Armour
  6895 | Bailey   | Noticed an orc knight
  6925 | Bailey   | Killed an orc knight
  6926 | Bailey   | Reached skill level 5 in Shields
  7164 | Bailey   | Acquired the ring "Awiwkoal" {rElec rPois rC+ Str+6 Slay+3}
  7247 | Bailey   | Got a warped great sword
  7254 | Bailey   | Identified the +3 great sword of Thoughtfulness {vorpal,
                  | *Drain rPois Int+4} (You found it in a bailey)
  8193 | D:8      | Noticed a cyclops
  8203 | D:8      | Mangled by a cyclops

Illustrated notes

Levels and vault maps discovered:
D:1:      lightli_arrival_farm, layout_basic, minmay_gold_behind_fungi,
          hex_tiny, minmay_domino_4
D:2:      layout_basic, chequers_ecumenical_altar_simple
D:3:      layout_rooms, uniq_jessica
D:4:      layout_loops_ring, minmay_temple_entry_stoned_glass,
          kennysheep_generic_room_13
D:5:      layout_loops_corners, general_overflow_altar, uniq_prince_ribbit1,
          uniq_blork_the_orc
D:6:      layout_basic
D:7:      layout_cave_pools, riverfiend_overflow_shadow_ancestor,
          enter_bailey_3, kennysheep_decorative_pillar, kennysheep_small_circle
D:8:      layout_cave_pools, gammafunk_temple_overflow_pools, tgw_trog
Temple:   nicolae_temple_elliptical

Skill      XL: |  1  2  3  4  5  6  7  8  9 10 |
---------------+-------------------------------+-----
Long Blades    | 3 4 5 6 7 8 |  8.7
Armour         | 1 2 3 4 5 |  5.5
Dodging        | 3 4 5 6 |  6.2
Fighting       | 3 4 5 6 7 |  7.2
Shields        | 1 2 3 4 5 |  5.3
Throwing       | |  1.7

Action                   |  1- 3 |  4- 6 |  7- 9 | 10-12 || total
-------------------------+-------+-------+-------+-------++-------
Melee: Long sword        |    96 |   222 |   139 |       ||   457
       Scimitar          |       |       |   294 |    74 ||   368
       Great sword       |       |       |       |    70 ||    70
Throw: Throwing net      |       |     2 |     1 |     1 ||     4
  Use: Scroll            |     1 |       |     9 |     4 ||    14
       Potion            |       |       |     7 |     2 ||     9
 Stab: Held in net/web   |       |     1 |       |     1 ||     2
       Sleeping          |       |       |       |     1 ||     1
Armor: Leather armour    |    47 |    54 |       |       ||   101
       Ring mail         |       |    40 |    86 |    21 ||   147
Dodge: Dodged            |    96 |   106 |   123 |    66 ||   391
Block: Kite shield       |       |   110 |   357 |    57 ||   524
       Reflection        |       |     1 |     2 |       ||     3
       Other             |       |       |       |    15 ||    15
       Rpst.: Long sword |    28 |    34 |     8 |       ||    70
       Scimitar          |       |       |    26 |     6 ||    32
       Great sword       |       |       |       |    14 ||    14
